 Dungeon Crawl Stone Soup version 0.23.2-33-g5129a83184 (webtiles) character file.

Game seed: 9794916099759807303

45 Derp the Cudgeler (level 3, -7/54 HPs)
             Began as a Troll Berserker on July 22, 2019.
             Was a Believer of Trog.
             Mangled by a gnoll
             ... wielding a +0 halberd
              (11 damage)
             ... on level 2 of the Dungeon.
             The game lasted 00:02:18 (1240 turns).

Derp the Cudgeler (Troll Berserker)                 Turns: 1240, Time: 00:02:20

Health: -7/54      AC:  7    Str: 31    XL:     3   Next: 42%
Magic:  0/2        EV: 10    Int:  3    God:    Trog [**....]
Gold:   142        SH:  0    Dex:  9    Spells: 2/2 levels left

rFire    . . .     SeeInvis .   a - +0 mace
rCold    . . .     Gourm    +   (no shield)
rNeg     . . .     Faith    .   b - +0 animal skin
rPois    .         Spirit   +   f - +1 hat
rElec    .         Reflect  .   (no cloak)
rCorr    .         Harm     .   (gloves unavailable)
MR       ++...                  (boots unavailable)
Stlth    ..........             k - amulet of guardian spirit
HPRegen  1.58/turn              (no ring)
MPRegen  0.08/turn              (no ring)

@: berserking, regenerating, very quick
A: large, unfitting armour, claws 3, fast metabolism 3, gourmand, regeneration
1, shaggy fur 1, tough skin 3
a: Berserk, Trog's Hand, Renounce Religion


You were on level 2 of the Dungeon.
You worshipped Trog.
Trog was pleased with you.
You were not hungry.

You visited 1 branch of the dungeon, and saw 2 of its levels.

You collected 142 gold pieces.

Inventory:

Hand Weapons
 a - a +0 mace (weapon)
Armour
 b - a +0 animal skin (worn)
 f - a +1 hat (worn)
Jewellery
 k - an amulet of guardian spirit (around neck)
Scrolls
 d - 2 scrolls of identify {unknown}
 e - 2 scrolls of magic mapping {unknown}
 i - a scroll of teleportation {unknown}
 l - a scroll of immolation {unknown}
Potions
 g - a potion of heal wounds {unknown}
 h - a potion of haste {unknown}
 j - a potion of mutation {unknown}
Comestibles
 c - 2 rations


   Skills:
 + Level 2.8 Fighting
 + Level 3.3 Maces & Flails
 + Level 2.9 Dodging


You had 2 spell levels left.
You didn't know any spells.
Your spell library was empty.

Dungeon Overview and Level Annotations

Branches:
Dungeon (2/15)

Altars:


Innate Abilities, Weirdness & Mutations

You are too large for most types of armour.
You have claws for hands.
Your metabolism is lightning-fast.
You like to eat raw meat.
Your natural rate of healing is unusually fast.
You are covered in fur. (AC +1)
You have extremely tough skin. (AC +3)


Message History

You hit the gnoll.
You kill the gnoll!
Trog accepts your kill.
The gnoll hits you from afar with a +0 spear.
* * * LOW HITPOINT WARNING * * *
The gnoll hits you from afar with a +0 halberd.
* * * LOW HITPOINT WARNING * * *
Your skin crawls.
You feel resistant to hostile enchantments.
You feel somewhat more hungry.
The gnoll hits you from afar with a +0 spear.
* * * LOW HITPOINT WARNING * * *
A red film seems to cover your vision as you go berserk!
You feel yourself moving faster!
You feel mighty!
You feel a lot more hungry.
The gnoll hits you from afar with a +0 halberd.
* * * LOW HITPOINT WARNING * * *
The gnoll misses you.
You feel a strong urge to attack something.
The gnoll hits you with a +0 halberd!
You die...

#.# #≈≈≈ #.# #≈≈ ##<#
#≈≈ #..# ###≈≈ ##.##
#.≈≈≈ #..####.≈≈≈
######.###...≈≈≈
####...........≈≈≈≈
#g@..###.......≈≈≈≈
####g#### #.†)....≈≈≈≈
#...g# #.)[.88≈≈≈≈≈
#.........##..).........
##........##........)...
#...............88≈≈≈≈≈
...#......#..#.###≈≈≈≈≈#
.............#..# ≈≈≈≈≈#
####......(.....## ≈≈≈≈#


You could see 3 gnolls.

Vanquished Creatures
  A gnoll (D:2)
  3 dart slugs (D:1)
  A leopard gecko (D:1)
  2 giant cockroaches (D:1)
  4 goblins
  3 hobgoblins (D:1)
  A jackal (D:1)
  2 kobolds (D:1)
  4 bats (D:1)
  4 frilled lizards (D:1)
  5 rats (D:1)
  A bush (D:1)
31 creatures vanquished.

Notes
Turn   | Place    | Note
-------+----------+-------------------------------------------
     0 | D:1      | Derp the Troll Berserker began the quest for the Orb.
     0 | D:1      | Reached XP level 1. HP: 22/22 MP: 0/0
   187 | D:1      | Reached XP level 2. HP: 24/29 MP: 1/1
   227 | D:1      | Reached skill level 3 in Maces & Flails
   606 | D:1      | Reached ** piety under Trog
   607 | D:1      | Reached XP level 3. HP: 36/36 MP: 2/2
  1240 | D:2      | Mangled by a gnoll

Skill      XL: |  1  2 |
---------------+-------+-----
Maces & Flails | 3 |  3.3
Fighting       | |  2.8
Dodging        | |  2.9

Action                   || total
-------------------------++-------
Melee: Mace              ||   172
Invok: Berserk           ||     1
       Trog's Hand       ||     1
  Eat: Chunk             ||     7
       Ration            ||     1
Armor: Animal skin       ||    52
Dodge: Dodged            ||    58
